 Dungeon Crawl Stone Soup version 0.17-a0-1105-gbe8b664 (webtiles) character file.

123347 ololoev the Impaler (level 17, -15/133 HPs)
             Began as a Formicid Skald on May 20, 2015.
             Was an Elder of Yredelemnul.
             Killed from afar by a deep elf knight (29 damage)
             ... with a stone arrow
             ... on level 1 of the Elven Halls on May 21, 2015.
             The game lasted 02:44:29 (40464 turns).

ololoev the Impaler (Formicid Skald)               Turns: 40464, Time: 02:44:29

Health: -15/133    AC: 24    Str: 21    XL:     17   Next: 45%
Magic:  13/25      EV:  8    Int: 13    God:    Yredelemnul [****..]
Gold:   1219       SH: 14    Dex:  9    Spells: 6 memorised, 13 levels left

rFire  + . .     SeeInvis +     C - +6 glaive (venom)
rCold  + . .     Clarity  +     f - +2 chain mail {MR+}
rNeg   . . .     SustAb   .     i - +1 shield {reflect}
rPois  .         Gourm    +     (helmet unavailable)
rElec  .         Spirit   .     j - +2 cloak
rCorr  .         Warding  .     l - +0 pair of gloves
rMut   .         Stasis   +     y - +0 pair of boots
MR     +++..                    r - amulet of the gourmand
Stlth  ..........               I - ring of protection from cold
                                e - ring of invisibility

@: lethally poisoned (-15 -> -16), drained, extremely resistant to hostile
enchantments, extremely unstealthy
A: permanent stasis, dig shafts and tunnels, four strong arms, antennae 3, rough
black scales 1, clarity, fire resistance 1, magic resistance 1, weak 1
a: Dig, Shaft Self, Animate Dead, Recall Undead Slaves, Injury Mirror, Drain
Life, Renounce Religion, Evoke Invisibility


Innate Abilities, Weirdness & Mutations

You are under a permanent stasis effect.
You can dig through walls and to a lower floor.
Your four strong arms can wield two-handed weapons with a shield.
You have a pair of large antennae on your head (SInv).
You are partially covered in rough black scales (AC +4, Dex -1).
You possess an exceptional clarity of mind.
Your flesh is heat resistant.
You are resistant to hostile enchantments.
You are weak. (Str -2)

Inventory:

Hand weapons
 C - a +6 glaive of venom (weapon)
Armour
 f - a +2 chain mail of magic resistance (worn)
 i - a +1 shield of reflection (worn)
 j - a +2 cloak (worn)
 l - a +0 pair of gloves (worn)
 y - a +0 pair of boots (worn)
Jewellery
 e - a ring of invisibility (left hand)
 r - an amulet of the gourmand (around neck)
 E - a +4 ring of intelligence
 F - an uncursed amulet of warding
 I - a ring of protection from cold (right hand)
Magical devices
 g - a wand of confusion (26)
 o - a wand of disintegration (6)
 x - a wand of fireball (10)
 D - a wand of heal wounds (8)
 M - a wand of paralysis (13)
Scrolls
 k - 9 scrolls of remove curse
 n - 7 scrolls of recharging
 p - 3 scrolls of fear
 v - a scroll of summoning
 B - 12 scrolls of identify
 G - 3 scrolls of fog
 H - a scroll of immolation
 L - 2 scrolls of magic mapping
Potions
 a - 8 potions of heal wounds
 c - a potion of invisibility
 h - 3 potions of flight
 m - 12 potions of curing
 q - a potion of cancellation
 t - 3 potions of agility
 z - 4 potions of cure mutation
 J - 2 potions of resistance
 N - a potion of might
Miscellaneous
 w - an ornate deck of defence {the Blade, drawn: 1}
Comestibles
 b - 7 meat rations
 d - 20 bread rations
 s - 28 fruits
 u - 6 slices of pizza


   Skills:
 + Level 11.9(11.3) Fighting
   Level 6.8(6.3) Maces & Flails
 * Level 17.4(16.7) Polearms
 + Level 11.1(10.4) Armour
 - Level 0.8(0.3) Dodging
 + Level 13.6(13.0) Shields
 - Level 5.9(5.4) Spellcasting
 - Level 8.0(7.4) Hexes
 - Level 6.6(6.0) Charms
 + Level 6.6(6.1) Invocations
 + Level 6.9(6.3) Evocations


You had 13 spell levels left.
You knew the following spells:

 Your Spells              Type           Power        Failure   Level  Hunger
a - Infusion              Chrm           ###...       12%         1    None
b - Song of Slaying       Chrm           ###.....     17%         2    ##.....
c - Regeneration          Chrm/Necr      ##........   92%         3    ###....
d - Spectral Weapon       Hex/Chrm       ###.....     21%         3    ###....
e - Stoneskin             Trmt/Erth      #.......     99%         2    ##.....
f - Passwall              Trmt/Erth      #.........   100%        3    ###....


You were on level 1 of the Elven Halls.
You worshipped Yredelemnul.
Yredelemnul was greatly pleased with you.
You were full.

You visited 5 branches of the dungeon, and saw 29 of its levels.
You also visited: Labyrinth and Ossuary.

You collected 3404 gold pieces.
You spent 2185 gold pieces at shops.

...............
................
#..........e.....
#...........e....
#..........ee....
#......e.eee..../
#.....^eeee......
#......e@.......
#....ZZ..#..... .#
##....Z.## ### #.#
###..Z.## ##### #.(
#......{####≈≈≈# #.#
#.......{Z##Z########.#
#..!......Z.Z{ZZ....##.#
#..........Z{Z{........#
#..........###.######..###

Notes
Turn   | Place    | Note
--------------------------------------------------------------
     0 | D:1      | ololoev the Formicid Skald began the quest for the Orb.
     0 | D:1      | Reached XP level 1. HP: 16/16 MP: 3/3
   307 | D:1      | Reached XP level 2. HP: 20/22 MP: 5/5
   312 | D:1      | Learned a level 2 spell: Song of Slaying
   545 | D:1      | Reached XP level 3. HP: 27/27 MP: 6/6
   780 | D:2      | Found a blossoming altar of Fedhas.
   982 | D:2      | Noticed Crazy Yiuf
  1003 | D:2      | Killed Crazy Yiuf
  1003 | D:2      | Reached XP level 4. HP: 33/33 MP: 7/7
  1163 | D:2      | Noticed Terence
  1261 | D:2      | Became a worshipper of Fedhas Madash
  1299 | D:2      | Found a radiant altar of Vehumet.
  1444 | D:2      | Killed Terence
  1667 | D:3      | Reached skill level 4 in Maces & Flails
  1667 | D:3      | Reached XP level 5. HP: 29/38 MP: 8/8
  1885 | D:3      | Found an opulent altar of Gozag.
  1905 | D:3      | Reached skill level 1 in Evocations
  2167 | D:3      | Acquired Fedhas's first power
  2175 | D:3      | Found a snail-covered altar of Cheibriados.
  2241 | D:3      | Reached XP level 6. HP: 44/44 MP: 9/9
  2735 | D:4      | Reached skill level 5 in Maces & Flails
  2766 | D:4      | Found a shattered altar of Ashenzari.
  2821 | D:4      | Noticed HEYYEYAAE's ghost (average OpFi)
  2833 | D:4      | Killed HEYYEYAAE's ghost
  2833 | D:4      | Reached XP level 7. HP: 30/50 MP: 10/10
  2844 | D:4      | Found a sand-covered staircase.
  2852 | Ossuary  | Entered an ossuary
  2969 | Ossuary  | Acquired Fedhas's second power
  3137 | Ossuary  | Reached skill level 1 in Invocations
  3207 | Ossuary  | Acquired Fedhas's third power
  3221 | Ossuary  | Reached skill level 6 in Maces & Flails
  3348 | Ossuary  | Reached XP level 8. HP: 54/56 MP: 11/11
  3848 | D:4      | Found a staircase to the Ecumenical Temple.
  4232 | D:5      | Entered Level 5 of the Dungeon
  4314 | D:5      | Reached skill level 5 in Armour
  4542 | D:5      | Acquired Fedhas's fourth power
  5053 | D:5      | You fall through a shaft for 2 floors!
  5087 | D:7      | Reached skill level 1 in Polearms
  5849 | D:7      | Reached XP level 9. HP: 61/61 MP: 12/12
  5978 | D:7      | Found a deep blue altar of Sif Muna.
  6249 | D:7      | Noticed Pikel
  6284 | D:7      | Killed Pikel
  6694 | D:7      | Reached skill level 7 in Polearms
  6823 | D:6      | Reached skill level 8 in Polearms
  6993 | D:6      | Gained mutation: You are partially covered in rough black scales (AC +4, Dex -1). [mutagenic meat]
  7047 | D:6      | Reached XP level 10. HP: 67/67 MP: 13/13
  7097 | D:6      | Reached skill level 9 in Polearms
  7430 | D:6      | Gained mutation: You are weak. (Str -2) [mutagenic meat]
  7431 | D:6      | Gained mutation: Your spells are a little harder to cast, but a little more powerful. [mutagenic meat]
  7432 | D:6      | Lost mutation: Your spells are a little harder to cast, but a little more powerful. [mutagenic meat]
  7749 | D:5      | Reached skill level 10 in Polearms
  8349 | D:8      | Found a runed door.
  8357 | D:8      | Found a runed door.
  8983 | D:9      | Reached skill level 11 in Polearms
  8999 | D:9      | Noticed a white ugly thing
  9020 | D:9      | Killed a white ugly thing
  9072 | D:9      | Found a white marble altar of Elyvilon.
  9283 | D:9      | Found a glowing golden altar of the Shining One.
  9423 | D:9      | Found a staircase to the Lair.
  9459 | D:9      | Found Qofugego's Gadget Boutique.
  9547 | D:9      | Found Sasaenliddi's Assorted Antiques.
  9555 | D:9      | Bought a fizzy yellow potion for 26 gold pieces
  9782 | D:10     | Entered Level 10 of the Dungeon
  9920 | D:10     | Noticed a centaur warrior
  9932 | D:10     | Noticed a hill giant
  9939 | D:10     | Killed a centaur warrior
  9939 | D:10     | Reached skill level 12 in Polearms
  9939 | D:10     | Reached XP level 11. HP: 69/72 MP: 14/14
  9945 | D:10     | Killed a hill giant
 10230 | D:10     | Noticed a hill giant
 10243 | D:10     | Killed a hill giant
 10447 | D:10     | Found a staircase to the Orcish Mines.
 10522 | D:10     | Got a bronze leather armour
 10528 | D:10     | Noticed a hill giant
 10535 | D:10     | Reached skill level 13 in Polearms
 10552 | D:10     | Killed a hill giant
 10720 | D:10     | Identified the +0 leather armour "Cinluoc" {rPois Slay+6} (You found it on level 10 of the Dungeon)
 10746 | D:10     | Noticed an unseen horror
 10752 | D:10     | Killed an unseen horror
 10935 | D:10     | Noticed a hill giant
 10951 | D:10     | Killed a hill giant
 11574 | D:10     | Reached skill level 14 in Polearms
 11617 | D:10     | Noticed a hill giant
 11645 | D:10     | Killed a hill giant
 12077 | Orc:1    | Entered Level 1 of the Orcish Mines
 12233 | Orc:1    | Found Arog's Antique Weapon Emporium.
 12243 | Orc:1    | Bought a runed lajatang for 420 gold pieces
 12681 | Orc:1    | Acquired Fedhas's fifth power
 12811 | Orc:2    | Found Viguesoe's Magic Scroll Shop.
 12860 | Orc:2    | Noticed Rupert
 12882 | Orc:2    | Killed Rupert
 12882 | Orc:2    | Reached skill level 15 in Polearms
 12882 | Orc:2    | Reached XP level 12. HP: 78/78 MP: 8/15
 12941 | Orc:2    | Bought a scroll of brand weapon for 240 gold pieces
 12941 | Orc:2    | Bought a scroll of summoning for 114 gold pieces
 12941 | Orc:2    | Bought a scroll of identify for 24 gold pieces
 12941 | Orc:2    | Bought a scroll of identify for 24 gold pieces
 13152 | Orc:2    | Noticed an orc sorcerer
 13162 | Orc:2    | Killed an orc sorcerer
 14120 | Orc:1    | Noticed an ogre mage
 14123 | Orc:1    | Noticed an orc sorcerer
 14194 | Orc:1    | Killed an orc sorcerer
 14196 | Orc:1    | Got a fine gossamer ring
 14206 | Orc:1    | Identified the cursed ring "Ibammyep" {*Corrode rElec EV-2 Str+2} (You took it off an orc sorcerer on level 1 of the Orcish Mines)
 14232 | Orc:1    | Killed an ogre mage
 14509 | Orc:3    | Noticed Donald
 14915 | Orc:2    | Killed Donald
 14915 | Orc:2    | Reached skill level 16 in Polearms
 15003 | Orc:3    | Found a bloodstained altar of Trog.
 15026 | Orc:3    | Found a staircase to the Elven Halls.
 15186 | Orc:3    | Found Ekhear's Distillery.
 15189 | Orc:3    | Bought 2 potions of heal wounds for 140 gold pieces
 15189 | Orc:3    | Bought a potion of cure mutation for 490 gold pieces
 15727 | Orc:4    | Entered Level 4 of the Orcish Mines
 15826 | Orc:4    | Reached skill level 1 in Shields
 15849 | Orc:4    | Found a staircase to the Elven Halls.
 16440 | Orc:4    | Noticed a soul eater
 16448 | Orc:4    | Noticed an orc high priest
 16456 | Orc:4    | Noticed an orc high priest
 16470 | Orc:4    | Killed an orc high priest
 16541 | Orc:4    | Killed an orc high priest
 16554 | Orc:4    | Reached XP level 13. HP: 66/88 MP: 16/16
 16862 | Orc:4    | Reached skill level 5 in Shields
 16934 | Orc:4    | Noticed an orc high priest
 16946 | Orc:4    | Killed an orc high priest
 17139 | Orc:4    | Found Geret's Gadget Boutique.
 17139 | Orc:4    | Found Xeav's Armour Emporium.
 17141 | Orc:4    | Found Neihoxt's Magic Scroll Boutique.
 17141 | Orc:4    | Found Giobotoc's Antique Weapon Emporium.
 17152 | Orc:4    | Bought a +0 pair of gloves for 54 gold pieces
 17396 | Orc:4    | Found a roughly hewn altar of Beogh.
 17653 | Orc:4    | Reached skill level 5 in Fighting
 17864 | D:11     | Noticed Harold
 18028 | D:11     | Killed Harold
 18071 | D:11     | Learned a level 2 spell: Song of Slaying
 18075 | D:11     | Learned a level 3 spell: Regeneration
 18079 | D:11     | Learned a level 3 spell: Spectral Weapon
 18278 | D:11     | Reached skill level 1 in Hexes
 18452 | D:11     | Found a blossoming altar of Fedhas.
 18806 | D:12     | Gained mutation: You possess an exceptional clarity of mind. [mutagenic meat]
 18807 | D:12     | Gained mutation: You are resistant to hostile enchantments. [mutagenic meat]
 19093 | D:9      | Bought a ring of intelligence for 58 gold pieces
 19513 | D:12     | Noticed Sonja
 19621 | D:12     | Killed Sonja
 21140 | D:13     | Reached XP level 14. HP: 58/101 MP: 18/18
 22198 | D:13     | Reached skill level 5 in Hexes
 22537 | Lair:1   | Entered Level 1 of the Lair of Beasts
 22925 | Lair:1   | Reached skill level 5 in Charms
 23039 | Lair:1   | Reached skill level 10 in Shields
 24000 | Orc:4    | Bought 3 scrolls of enchant weapon for 315 gold pieces
 24000 | Orc:4    | Bought a scroll of brand weapon for 280 gold pieces
 25243 | Lair:3   | Found a labyrinth entrance.
 25343 | Lab      | Entered a labyrinth
 26005 | Lair:3   | Reached XP level 15. HP: 39/113 MP: 22/22
 26486 | Lair:3   | Reached skill level 5 in Spellcasting
 26582 | Lair:3   | Found a staircase to the Snake Pit.
 27485 | Lair:4   | Found a staircase to the Snake Pit.
 27527 | Lair:4   | Found a staircase to the Shoals.
 27766 | Lair:4   | Found a blossoming altar of Fedhas.
 28099 | Lair:5   | Noticed Nessos
 28119 | Lair:5   | Killed Nessos
 28675 | Lair:5   | Noticed Josephine
 28696 | Lair:5   | Killed Josephine
 29030 | Lair:5   | Reached skill level 10 in Fighting
 29480 | Lair:5   | Found a staircase to the Swamp.
 30010 | Lair:6   | Found a staircase to the Slime Pits.
 30010 | Lair:6   | Found a viscous altar of Jiyva.
 30203 | Lair:6   | Found a staircase to the Snake Pit.
 30302 | Lair:6   | Found a radiant altar of Vehumet.
 31483 | Lair:7   | Learned a level 2 spell: Stoneskin
 31487 | Lair:7   | Learned a level 3 spell: Passwall
 32232 | Temple   | Entered the Ecumenical Temple
 32261 | Temple   | Fell from the grace of Fedhas
 32261 | Temple   | Became a worshipper of Yredelemnul the Dark
 32696 | Lair:7   | Reached XP level 16. HP: 124/124 MP: 24/24
 32801 | Lair:8   | Entered Level 8 of the Lair of Beasts
 33465 | Lair:8   | Acquired Yredelemnul's first power
 33625 | Lair:8   | Reached skill level 10 in Armour
 33651 | Lair:8   | Acquired Yredelemnul's second power
 34938 | Lair:8   | Acquired Yredelemnul's third power
 35316 | Lair:8   | Got a brightly glowing quarterstaff
 35317 | Lair:8   | Identified the cursed +2 quarterstaff of Otis {elec, Stlth+} (You found it on level 8 of the Lair of Beasts)
 35997 | Lair:8   | Upgraded the game from 0.17-a0-1093-g0b3cd89 to 0.17-a0-1105-gbe8b664
 36038 | Lair:8   | Reached skill level 5 in Evocations
 36614 | D:14     | Reached skill level 5 in Invocations
 36648 | D:14     | You fall through a shaft!
 36648 | D:15     | Entered Level 15 of the Dungeon
 37193 | D:14     | Gained mutation: Your flesh is heat resistant. [potion of beneficial mutation]
 37657 | D:14     | Acquired Yredelemnul's fourth power
 37669 | D:14     | Reached skill level 17 in Polearms
 37724 | D:14     | Received a gift from Yredelemnul
 37871 | D:14     | Noticed Snorg
 37878 | D:14     | Killed Snorg
 38043 | D:14     | Found a gate to the Vaults.
 38222 | D:15     | Reached XP level 17. HP: 125/131 MP: 25/25
 38302 | D:15     | Received a gift from Yredelemnul
 38339 | D:15     | Found a staircase to the Depths.
 38862 | D:15     | Found a sacrificial altar of Ru.
 39778 | Elf:1    | Entered Level 1 of the Elven Halls
 40376 | Elf:1    | Identified Sif Muna's Reference Book on the Supportive Traveller
 40462 | Elf:1    | HP: 6/133 [deep elf knight/short sword (13)]
 40462 | Elf:1    | HP: 2/133 [deep elf fighter/puff of flame (4)]
 40464 | Elf:1    | Killed from afar by a deep elf knight

Dungeon Overview and Level Annotations

Branches:
Dungeon (15/15) Temple (1/1) D:4 Lair (8/8) D:9 Shoals (0/4) Lair:4 Snake (0/4) Lair:3 Lair:6 Slime (0/6) Lair:6 Orc (4/4) D:10 Elf (1/3) Orc:3 Vaults (0/5) D:14 Depths (0/5) D:15

Altars:
Ashenzari
Cheibriados
Dithmenos
Elyvilon
Fedhas
Gozag
Kikubaaqudgha
Makhleb
Nemelex Xobeh
Okawaru
Qazlal
Ru
Sif Muna
Trog
Vehumet
Xom
Yredelemnul
Zin
The Shining One
Beogh
Jiyva

Shops:
D:9 }*   Orc:1 (   Orc:2 ?   Orc:3 !   Orc:4 }[?(

Annotations:
D:8 1 runed door
Lair:4 exclusion: oklob plant
Lair:8 exclusion: 2 oklob plants


Message History

The deep elf knight is moderately wounded.
You draw life from the deep elf knight.
The deep elf knight is moderately wounded.
You draw life from the deep elf knight.
The deep elf knight is moderately wounded.
You draw life from the deep elf mage.
The deep elf mage is heavily wounded.
You draw life from the deep elf mage.
The deep elf mage is severely wounded.
You draw life from the deep elf fighter.
The deep elf fighter is heavily wounded.
You draw life from the deep elf fighter.
The deep elf fighter is severely wounded.
You draw life from the deep elf knight.
The deep elf knight is moderately wounded.
You draw life from the deep elf conjurer.
The deep elf conjurer is moderately wounded.
You draw life from the deep elf fighter.
The deep elf fighter is heavily wounded.
You draw life from the deep elf fighter.
The deep elf fighter is heavily wounded.
You draw life from the deep elf mage.
The deep elf mage is heavily wounded.
You feel life flooding into your body.
You feel somewhat less full.
You feel sick.
The deep elf knight hits you but does no damage.
The deep elf mage gestures wildly while chanting.
The deep elf mage blinks!
Your elf zombie closely misses the deep elf conjurer.
The deep elf fighter closely misses you.
The deep elf fighter points at you and mumbles some strange words.
You resist with almost no effort.
Your elf zombie misses the deep elf conjurer.
Unknown command.
Use which ability? (? or * to list)
You fail to use your ability.
The deep elf knight casts a spell at you.
The stone arrow hits you!
You die...
Your body rises from the dead as a mindless zombie.

You could see 4 deep elf knights, 2 deep elf conjurers, 4 deep elf fighters, 3 deep elf magi, a friendly elf zombie, a friendly elf zombie, a friendly elf zombie and a friendly elf zombie.

Vanquished Creatures
  Rupert (Orc:2)
  Donald (Orc:2)
  Nessos (Lair:5)
  A dire elephant (D:15)
  Snorg (D:14)
  Josephine (Lair:5)
  A minotaur (Lab)
  A deep elf high priest (Elf:1)
  Harold (D:11)
  4 hydras
  4 centaur warriors
  2 ogre magi
  A tengu warrior (D:14)
  2 orc high priests (Orc:4)
  2 deep elf knights (Elf:1)
  3 unseen horrors
  8 skeletal warriors
  6 hill giants
  2 lindwurms
  2 deep elf summoners (Elf:1)
  Pikel (D:7)
  A deep elf conjurer (Elf:1)
  12 ugly things
  2 orc knights (Orc:4)
  A wolf spider (D:15)
  A griffon (Lair:8)
  2 oklob plants (D:14)
  28 wandering mushrooms
  4 ravens
  4 orc sorcerers
  A hornet (Lair:8)
  6 cyclopes
  3 manticores
  11 elephants (Lair:6)
  17 black mambas
  A guardian serpent (Lair:8)
  A torpor snail (Lair:8)
  2 centaur zombies (D:15)
  20 spiny frogs
  3 gargoyles
  8 komodo dragons
  5 deep elf priests (Elf:1)
  5 fire drakes
  3 yaktaurs (D:14)
  A tengu conjurer (D:14)
  2 kobold demonologists
  An efreet (D:13)
  2 giant leeches
  5 trolls
  2 two-headed ogres
  A boulder beetle (Lair:8)
  13 blink frogs
  A snapping turtle (Lair:4)
  A slime creature (D:13)
  A vampire (D:13)
  2 trapdoor spiders
  52 yaks
  5 deep elf magi
  A water elemental (Elf:1)
  A redback (D:15)
  3 wyverns
  3 vampire mosquitoes (D:15)
  3 wraiths
  A hungry ghost (D:12)
  3 deep elf fighters
  6 hippogriffs
  5 basilisks
  3 wargs
  2 swamp worms (Lair:5)
  2 mottled dragons
  17 porcupines
  2 soldier ants
  25 water moccasins
  22 wolves
  3 nagas (Lair:4)
  21 orc warriors
  3 slaves (D:7)
  2 wasps
  3 ice beasts
  2 eyes of draining
  10 sky beasts
  3 boggarts (D:15)
  2 phantoms (D:10)
  5 black bears
  5 spiders (Lair:8)
  10 ogres
  A necrophage (D:11)
  10 centaurs
  6 big kobolds
  19 crocodiles
  21 giant frogs
  A gnoll sergeant (D:5)
  4 water moccasin skeletons (Ossuary)
  2 scorpions (D:8)
  20 killer bees
  14 crimson imps
  A quasit (D:13)
  5 hounds
  5 wights (D:6)
  33 orc priests
  5 jellies
  Crazy Yiuf (D:2)
  9 centaur skeletons
  9 giant frog skeletons
  13 iguanas
  11 hell rats (Lair:3)
  9 two-headed ogre skeletons (Orc:1)
  Terence (D:2)
  28 orc wizards
  17 worker ants
  22 sheep
  7 big kobold skeletons (Ossuary)
  3 hound skeletons
  2 mummies (Ossuary)
  17 gnolls
  78 river rats
  12 adders
  4 shadow imps
  12 white imps (Lair:3)
  2 oozes
  A worm (D:3)
  8 adder skeletons
  9 giant geckos
  188 orcs
  2 bat skeletons
  11 giant cockroaches
  11 goblins
  16 hobgoblins
  15 jackals
  5 quokkas
  18 bats
  A giant gecko skeleton (D:9)
  5 giant newts
  A giant spore (Lair:8)
  A gnoll skeleton (Ossuary)
  6 hobgoblin skeletons (Ossuary)
  18 kobolds
  4 kobold skeletons (Ossuary)
  2 orc skeletons (Ossuary)
  24 rats
  3 ballistomycetes (Lair:8)
1197 creatures vanquished.

Vanquished Creatures (collateral kills)
  3 hydras
  A catoblepas (D:15)
  5 death yaks (Lair:8)
  An orc high priest (Orc:4)
  Sonja (D:12)
  2 skeletal warriors
  3 orc knights (Orc:4)
  4 hill giants
  An orc sorcerer (Orc:4)
  A wolf spider (Lair:8)
  An oklob plant (D:14)
  3 ugly things
  2 black mambas
  5 slime creatures
  8 elephants (Lair:6)
  A centaur zombie (D:15)
  A cyclops (D:15)
  A faun (shapeshifter) (D:13)
  A torpor snail (Lair:8)
  2 spiny frogs
  A yaktaur (D:14)
  A centaur skeleton (D:14)
  A kobold demonologist (D:13)
  2 komodo dragons
  A troll (D:15)
  A two-headed ogre (Orc:4)
  A tengu conjurer (D:13)
  2 blink frogs
  4 deep elf priests (Elf:1)
  A boulder beetle (Lair:8)
  A redback (Lair:8)
  A basilisk (Lair:6)
  9 yaks
  A wyvern (Lair:8)
  A hippogriff (D:7)
  2 wraiths (Lair:5)
  The ghost of HEYYEYAAE the Skirmisher, an average OpFi (D:4)
  3 wolves (Lair:2)
  A water moccasin (Lair:7)
  2 crocodiles
  6 orc warriors
  2 black bears
  An ogre (Orc:2)
  3 centaurs
  2 wasps
  2 big kobolds
  A giant frog (Lair:4)
  A wight (D:14)
  8 wandering mushrooms
  A giant frog skeleton (D:12)
  An orc priest (Orc:4)
  5 two-headed ogre skeletons (Orc:1)
  4 orc wizards
  3 worker ants
  A sheep (Lair:8)
  2 gnolls (D:4)
  3 river rats
  3 adders
  28 orcs
  A bat (D:4)
  A giant cockroach (D:8)
  2 goblins (Orc:1)
  2 giant spores
  2 jackals (D:8)
  A kobold (D:8)
  2 rats (Lair:3)
  A butterfly (D:8)
  A plant (Lair:8)
  A toadstool (Lair:2)
175 creatures vanquished.

Vanquished Creatures (others)
  4 spectral weapons
  2 ugly thing zombies (D:15)
  A dire elephant zombie (D:15)
  A hydra zombie (D:15)
  A trapdoor spider zombie (D:8)
  2 flying skulls
  A black mamba zombie (Lair:8)
  2 blink frog zombies (Lair:8)
  2 necrophages
  A komodo dragon zombie (D:14)
  A vampire mosquito zombie (D:15)
  A fire drake skeleton (Lair:8)
  A water moccasin skeleton (Lair:8)
  2 elf zombies (Elf:1)
  4 yak zombies (Lair:8)
  An orc priest (Orc:1)
  A kobold zombie (D:14)
  2 orc wizards (Orc:1)
  2 killer bee zombies (D:14)
  2 ogre zombies (D:14)
  A mottled dragon zombie (D:15)
  A mummy (D:15)
  3 orcs
  A goblin (Orc:1)
  2 giant spores
  An orc skeleton (D:15)
  An orc zombie (D:15)
  42 wandering mushrooms
  A ballistomycete (D:8)
  7 fungi
  7 plants (Lair:8)
  764 toadstools
865 creatures vanquished.

Grand Total: 2237 creatures vanquished

Action                   |  1- 3 |  4- 6 |  7- 9 | 10-12 | 13-15 | 16-18 || total
-------------------------+-------+-------+-------+-------+-------+-------++-------
Melee: Mace              |    72 |       |       |       |       |       ||    72
       Quarterstaff      |       |    62 |       |       |       |       ||    62
       Whip              |       |    83 |   240 |       |       |       ||   323
       Trident           |       |       |   461 |  1552 |  3095 |       ||  5108
       Glaive            |       |       |       |       |    62 |   894 ||   956
 Cast: Infusion          |     1 |       |       |       |       |       ||     1
       Spectral Weapon   |       |       |       |       |     1 |     7 ||     8
Invok: Evolution         |       |     1 |     1 |    20 |    70 |       ||    92
       Reproduction      |       |       |     1 |     2 |       |       ||     3
       Rain              |       |       |       |     1 |       |       ||     1
       Animate Dead      |       |       |       |       |       |    33 ||    33
       Animate Remains   |       |       |       |       |       |     5 ||     5
       Drain Life        |       |       |       |       |       |     4 ||     4
 Abil: Dig               |       |     5 |     1 |    10 |    15 |    22 ||    53
       Shaft Self        |       |       |       |       |       |     1 ||     1
       Evoke Invisibilit |       |       |       |       |       |     1 ||     1
Evoke: Wand              |       |       |     1 |     4 |    13 |     5 ||    23
       Deck              |       |       |       |       |     1 |       ||     1
  Use: Scroll            |     1 |    11 |     5 |    15 |    21 |     5 ||    58
       Potion            |     3 |     1 |       |     3 |     4 |     1 ||    12
 Stab: Paralysed         |       |     1 |       |       |       |       ||     1
       Confused          |       |       |     5 |     5 |    27 |       ||    37
       Distracted        |       |       |       |     1 |     4 |     6 ||    11
       Invisible         |       |       |       |       |       |     1 ||     1
  Eat: Chunk             |       |     4 |    13 |    25 |    44 |    41 ||   127
       Meat ration       |       |     1 |     1 |     4 |     1 |       ||     7
       Beef jerky        |       |       |       |     1 |     1 |     2 ||     4
       Bread ration      |       |       |       |       |     1 |       ||     1
       Royal jelly       |       |       |       |       |     1 |       ||     1
       Pizza             |       |       |       |       |     1 |       ||     1

Vault maps used:
D:1:      dpeg_arrival_stone_temple_mockup
D:2:      overflow_temple_1_default, nicolae_overflow_hidden_temple,
          uniq_terence, uniq_crazy_yiuf_cottage
D:3:      nicolae_gozag_seed_capital, first_bread, cheibriados_altar_1
D:4:      nicolae_ashenzari_panopticon, minmay_temple_entry_poolview,
          nicolae_ossuary_entry_plus
D:7:      lemuel_crystal_altar, uniq_pikel
D:8:      lemuel_insect_pit
D:9:      kennysheep_mini, kennysheep_little_box, lair_0_dummy, serial_shops,
          shop_statue, nicolae_shop_competitors_out_of_business
D:10:     nicolae_whirlpool, hiddenorc1_lemuel
D:11:     hangedman_tree_tricks, st_stairs_1, hex_tiny, uniq_harold
D:12:     uniq_sonja
D:14:     hangedman_vaults_entry_quadrant_bands, grunt_decor_clamped,
          kennysheep_dice, uniq_snorg
D:15:     hangedman_depths_entry_try_elsewhere_first,
          nicolae_ru_the_path_less_chosen
Temple:   circular_temple_12
Lair:2:   beast_lair_carwin_6
Lair:3:   lemuel_ratsnest, minmay_snake_entry_six_corridors, lab_entry_generic,
          portal_ice_cave_entry_imps
Lair:4:   minmay_shoals_entry_hut, minmay_snake_entry_guardpost_small,
          st_stairs_10, minmay_hedge_maze, tgw_fedhas
Lair:5:   minmay_swamp_entry_worms, uniq_nessos, uniq_josephine
Lair:6:   minmay_lair_oklob_tunnel, dummy_snake_entry, slime_altar_1,
          basic_altar, st_stairs_6, beast_lair_carwin_7, grunt_megastairs_4
Lair:7:   boulder_dual_corridor_run, minivault_25, grunt_megastairs_2
Lair:8:   hangedman_lair_in_review, hangedman_lair_tendril_chambers
Orc:1:    lemuel_ogre_cave, serial_shops, shop
Orc:2:    serial_shops, nicolae_shop_statue_plus, uniq_rupert
Orc:3:    basic_altar, serial_shops, nicolae_shop_trees,
          nicolae_orc_pool_cavern, uniq_donald
Orc:4:    grunt_orc_tribal_feast, minmay_orc_temple_a
Elf:1:    minmay_elf_arrival_plus, serial_aquarium, aquarium_bridge_square,
          aquarium_window_double, aquarium_window_corridor_3, aquarium_window_1,
          aquarium_window_1, aquarium_view_2b, serial_shops,
          nicolae_shop_window_shopping, nicolae_shop_waterfront,
          nicolae_shop_behind_doors, kennysheep_underground_church
Lab:      nicolae_lab_starburst
Ossuary:  ossuary_tomb_2
